Workbook

Sheet Applicant
B2: Instructions: Fill out the blue-shaded cells. You may add additional rows if needed. For each planned subgrantee, please fill out an additional separate budget with their details (and/or estimates) in the tabs/worksheets below. The "Summary" tab will add the subtotals from each page for your final request. | C2: Period of Performance: | D2: July 1, 2027- June 30, 2029
C4: Applicant Name:
C6: Original grant request:
B8: 2025-2027 Biennium Budget Estimates
C9: Applicant Costs | D9: Applicant | E9: Applicant
B10: Category | C10: Description | D10: Budget | E10: Subtotal
B11: Adult Personnel Adult staff with direct connection to grant administration and implementation, typically program administrators and crew leaders. In the description use the model: (# hours per week * # of weeks= total hours) * $/hr * # of staff. Use one line for each hourly wage. | E11: =SUM(D11:D14) -> 0
B15: Adult Fringe | E15: =D15 -> 0
B16: Youth Personnel/Corpsmembers In the description use the model: (# hours per week * # of weeks= total hours) * $/hr * # of staff. Use one line for each hourly wage. | E16: =SUM(D16:D20) -> 0
B21: Youth Fringe | E21: =D21 -> 0
B22: Training May include all costs related to training needs. | E22: =D22 -> 0
B23: Professional Services Costs specific to professional contracted services outside of your agency. | E23: =D23 -> 0
B24: Equipment Defined as tangible property with a useful life of more than one year and a per-unit cost equal or greater than $5,000. Equipment should not exceed 10% of total award. | E24: =SUM(D24:D26) -> 0
B27: PPE Defined as supplies specific for safety use, may include personal items like boots or jackets down to ear protection and everything in between used as PPE | E27: =SUM(D27:D28) -> 0
B29: Tools Defined as tangible property with a useful life of more than one year and a per-unit cost of less than $5,000. | E29: =SUM(D29:D31) -> 0
B32: Supplies All tangible property other than those described in the definition of equipment or tools. A computing device is a supply if the acquisition cost is less than $5,000, regardless of the length of its useful life. | E32: =SUM(D32:D35) -> 0
B36: Transportation Generally gas reimbursements or other travel reimbursements. This would include maintainance for existing fleet vehicles. Transportation does not include the cost of a vehicle - vehicles would be classified as Equipment. | E36: =SUM(D36:D37) -> 0
B38: Subtotal by Organization | E38: =SUM(E11:E37) -> 0
B39: Administrative Administrative staff and organizational supports. Generally should not exceed 15% of the overall cost of the grant. | D39: 0 | E39: =D39 -> 0
B40: TOTAL | E40: =SUM(E38:E39) -> 0

Sheet Subaward1
B2: Instructions: Fill out the blue-shaded cells. You may add additional rows if needed. For each planned subgrantee, please fill out an additional separate budget with their details (and/or estimates) in the tabs/worksheets below. The "Summary" tab will add the subtotals from each page for your final request. | C2: Period of Performance: | D2: July 1, 2027- June 30, 2029
C4: Subwardee Name (if known):
C6: Subgrant request:
B8: 2025-2027 Biennium Budget Estimates
C9: Subgrant Costs | D9: Subgrant | E9: Subgrant
B10: Category | C10: Description | D10: Budget | E10: Subtotal
B11: Adult Personnel Adult staff with direct connection to grant administration and implementation, typically program administrators and crew leaders. In the description use the model: (# hours per week * # of weeks= total hours) * $/hr * # of staff. Use one line for each hourly wage. | E11: =SUM(D11:D14) -> 0
B15: Adult Fringe | E15: =D15 -> 0
B16: Youth Personnel/Corpsmembers In the description use the model: (# hours per week * # of weeks= total hours) * $/hr * # of staff. Use one line for each hourly wage. | E16: =SUM(D16:D20) -> 0
B21: Youth Fringe | E21: =D21 -> 0
B22: Training May include all costs related to training needs. | E22: =D22 -> 0
B23: Professional Services Costs specific to professional contracted services outside of your agency. | E23: =D23 -> 0
B24: Equipment Defined as tangible property with a useful life of more than one year and a per-unit cost equal or greater than $5,000. Equipment should not exceed 10% of total award. | E24: =SUM(D24:D26) -> 0
B27: PPE Defined as supplies specific for safety use, may include personal items like boots or jackets down to ear protection and everything in between used as PPE | E27: =SUM(D27:D28) -> 0
B29: Tools Defined as tangible property with a useful life of more than one year and a per-unit cost of less than $5,000. | E29: =SUM(D29:D31) -> 0
B32: Supplies All tangible property other than those described in the definition of equipment or tools. A computing device is a supply if the acquisition cost is less than $5,000, regardless of the length of its useful life. | E32: =SUM(D32:D35) -> 0
B36: Transportation Generally gas reimbursements or other travel reimbursements. This would include maintainance for existing fleet vehicles. Transportation does not include the cost of a vehicle - vehicles would be classified as Equipment. | E36: =SUM(D36:D37) -> 0
B38: Subtotal by Organization | E38: =SUM(E11:E37) -> 0
B39: Administrative Administrative staff and organizational supports. Generally should not exceed 10% of the overall cost of the grant. | D39: 0 | E39: =D39 -> 0
B40: TOTAL | E40: =SUM(E38:E39) -> 0

Sheet Subaward2
B2: Instructions: Fill out the blue-shaded cells. You may add additional rows if needed. For each planned subgrantee, please fill out an additional separate budget with their details (and/or estimates) in the tabs/worksheets below. The "Summary" tab will add the subtotals from each page for your final request. | C2: Period of Performance: | D2: July 1, 2027- June 30, 2029
C4: Subwardee Name (if known):
C6: Subgrant request:
B8: 2025-2027 Biennium Budget Estimates
C9: Subgrant Costs | D9: Subgrant | E9: Subgrant
B10: Category | C10: Description | D10: Budget | E10: Subtotal
B11: Adult Personnel Adult staff with direct connection to grant administration and implementation, typically program administrators and crew leaders. In the description use the model: (# hours per week * # of weeks= total hours) * $/hr * # of staff. Use one line for each hourly wage. | E11: =SUM(D11:D14) -> 0
B15: Adult Fringe | E15: =D15 -> 0
B16: Youth Personnel/Corpsmembers In the description use the model: (# hours per week * # of weeks= total hours) * $/hr * # of staff. Use one line for each hourly wage. | E16: =SUM(D16:D20) -> 0
B21: Youth Fringe | E21: =D21 -> 0
B22: Training May include all costs related to training needs. | E22: =D22 -> 0
B23: Professional Services Costs specific to professional contracted services outside of your agency. | E23: =D23 -> 0
B24: Equipment Defined as tangible property with a useful life of more than one year and a per-unit cost equal or greater than $5,000. Equipment should not exceed 10% of total award. | E24: =SUM(D24:D26) -> 0
B27: PPE Defined as supplies specific for safety use, may include personal items like boots or jackets down to ear protection and everything in between used as PPE | E27: =SUM(D27:D28) -> 0
B29: Tools Defined as tangible property with a useful life of more than one year and a per-unit cost of less than $5,000. | E29: =SUM(D29:D31) -> 0
B32: Supplies All tangible property other than those described in the definition of equipment or tools. A computing device is a supply if the acquisition cost is less than $5,000, regardless of the length of its useful life. | E32: =SUM(D32:D35) -> 0
B36: Transportation Generally gas reimbursements or other travel reimbursements. This would include maintainance for existing fleet vehicles. Transportation does not include the cost of a vehicle - vehicles would be classified as Equipment. | E36: =SUM(D36:D37) -> 0
B38: Subtotal by Organization | E38: =SUM(E11:E37) -> 0
B39: Administrative Administrative staff and organizational supports. Generally should not exceed 10% of the overall cost of the grant. | D39: 0 | E39: =D39 -> 0
B40: TOTAL | E40: =SUM(E38:E39) -> 0

Sheet Subaward3
B2: Instructions: Fill out the blue-shaded cells. You may add additional rows if needed. For each planned subgrantee, please fill out an additional separate budget with their details (and/or estimates) in the tabs/worksheets below. The "Summary" tab will add the subtotals from each page for your final request. | C2: Period of Performance: | D2: July 1, 2027- June 30, 2029
C4: Subwardee Name (if known):
C6: Subgrant request:
B8: 2025-2027 Biennium Budget Estimates
C9: Subgrant Costs | D9: Subgrant | E9: Subgrant
B10: Category | C10: Description | D10: Budget | E10: Subtotal
B11: Adult Personnel Adult staff with direct connection to grant administration and implementation, typically program administrators and crew leaders. In the description use the model: (# hours per week * # of weeks= total hours) * $/hr * # of staff. Use one line for each hourly wage. | E11: =SUM(D11:D14) -> 0
B15: Adult Fringe | E15: =D15 -> 0
B16: Youth Personnel/Corpsmembers In the description use the model: (# hours per week * # of weeks= total hours) * $/hr * # of staff. Use one line for each hourly wage. | E16: =SUM(D16:D20) -> 0
B21: Youth Fringe | E21: =D21 -> 0
B22: Training May include all costs related to training needs. | E22: =D22 -> 0
B23: Professional Services Costs specific to professional contracted services outside of your agency. | E23: =D23 -> 0
B24: Equipment Defined as tangible property with a useful life of more than one year and a per-unit cost equal or greater than $5,000. Equipment should not exceed 10% of total award. | E24: =SUM(D24:D26) -> 0
B27: PPE Defined as supplies specific for safety use, may include personal items like boots or jackets down to ear protection and everything in between used as PPE | E27: =SUM(D27:D28) -> 0
B29: Tools Defined as tangible property with a useful life of more than one year and a per-unit cost of less than $5,000. | E29: =SUM(D29:D31) -> 0
B32: Supplies All tangible property other than those described in the definition of equipment or tools. A computing device is a supply if the acquisition cost is less than $5,000, regardless of the length of its useful life. | E32: =SUM(D32:D35) -> 0
B36: Transportation Generally gas reimbursements or other travel reimbursements. This would include maintainance for existing fleet vehicles. Transportation does not include the cost of a vehicle - vehicles would be classified as Equipment. | E36: =SUM(D36:D37) -> 0
B38: Subtotal by Organization | E38: =SUM(E11:E37) -> 0
B39: Administrative Administrative staff and organizational supports. Generally should not exceed 10% of the overall cost of the grant. | D39: 0 | E39: =D39 -> 0
B40: TOTAL | E40: =SUM(E38:E39) -> 0

Sheet Subaward4
B2: Instructions: Fill out the blue-shaded cells. You may add additional rows if needed. For each planned subgrantee, please fill out an additional separate budget with their details (and/or estimates) in the tabs/worksheets below. The "Summary" tab will add the subtotals from each page for your final request. | C2: Period of Performance: | D2: July 1, 2027- June 30, 2029
C4: Subwardee Name (if known):
C6: Subgrant request:
B8: 2025-2027 Biennium Budget Estimates
C9: Subgrant Costs | D9: Subgrant | E9: Subgrant
B10: Category | C10: Description | D10: Budget | E10: Subtotal
B11: Adult Personnel Adult staff with direct connection to grant administration and implementation, typically program administrators and crew leaders. In the description use the model: (# hours per week * # of weeks= total hours) * $/hr * # of staff. Use one line for each hourly wage. | E11: =SUM(D11:D14) -> 0
B15: Adult Fringe | E15: =D15 -> 0
B16: Youth Personnel/Corpsmembers In the description use the model: (# hours per week * # of weeks= total hours) * $/hr * # of staff. Use one line for each hourly wage. | E16: =SUM(D16:D20) -> 0
B21: Youth Fringe | E21: =D21 -> 0
B22: Training May include all costs related to training needs. | E22: =D22 -> 0
B23: Professional Services Costs specific to professional contracted services outside of your agency. | E23: =D23 -> 0
B24: Equipment Defined as tangible property with a useful life of more than one year and a per-unit cost equal or greater than $5,000. Equipment should not exceed 10% of total award. | E24: =SUM(D24:D26) -> 0
B27: PPE Defined as supplies specific for safety use, may include personal items like boots or jackets down to ear protection and everything in between used as PPE | E27: =SUM(D27:D28) -> 0
B29: Tools Defined as tangible property with a useful life of more than one year and a per-unit cost of less than $5,000. | E29: =SUM(D29:D31) -> 0
B32: Supplies All tangible property other than those described in the definition of equipment or tools. A computing device is a supply if the acquisition cost is less than $5,000, regardless of the length of its useful life. | E32: =SUM(D32:D35) -> 0
B36: Transportation Generally gas reimbursements or other travel reimbursements. This would include maintainance for existing fleet vehicles. Transportation does not include the cost of a vehicle - vehicles would be classified as Equipment. | E36: =SUM(D36:D37) -> 0
B38: Subtotal by Organization | E38: =SUM(E11:E37) -> 0
B39: Administrative Administrative staff and organizational supports. Generally should not exceed 10% of the overall cost of the grant. | D39: 0 | E39: =D39 -> 0
B40: TOTAL | E40: =SUM(E38:E39) -> 0

Sheet Summary
E2: Period of Performance: | H2: July 1, 2027- June 30, 2029
E3: Applicant Name: | H3: =Applicant!D4 -> 0
B5: 2027-2029 Biennium Budget Estimates
B6: Category | C6: Applicant | D6: Subaward 1 | E6: Subaward 2 | F6: Subaward 3 | G6: Subaward 4 | H6: Total | I6: % of total award request
B7: Adult Personnel + Fringe | C7: =SUM(Applicant!E11:E14)+Applicant!E15 -> 0 | D7: =SUM(Subaward1!E11:E14)+Subaward1!E15 -> 0 | E7: =SUM(Subaward2!E11:E14)+Subaward2!E15 -> 0 | F7: =SUM(Subaward3!E11:E14)+Subaward3!E15 -> 0 | G7: =SUM(Subaward4!E11:E14)+Subaward4!E15 -> 0 | H7: =SUM(C7:G7) -> 0 | I7: =H7/H17 -> #DIV/0!
B8: Youth Personnel + Fringe | C8: =SUM(Applicant!E16:E20)+Applicant!E21 -> 0 | D8: =SUM(Subaward1!E16:E20)+Subaward1!E21 -> 0 | E8: =SUM(Subaward2!E16:E20)+Subaward2!E21 -> 0 | F8: =SUM(Subaward3!E11:E14)+Subaward3!E21 -> 0 | G8: =SUM(Subaward4!E16:E20)+Subaward4!E21 -> 0 | H8: =SUM(C8:G8) -> 0 | I8: =H8/H17 -> #DIV/0!
B9: Training | C9: =Applicant!E22 -> 0 | D9: =Subaward1!E22 -> 0 | E9: =Subaward2!E22 -> 0 | F9: =Subaward3!E22 -> 0 | G9: =Subaward4!E22 -> 0 | H9: =SUM(C9:G9) -> 0 | I9: =H9/H17 -> #DIV/0!
B10: Professional Services | C10: =Applicant!E23 -> 0 | D10: =Subaward1!E23 -> 0 | E10: =Subaward2!E23 -> 0 | F10: =Subaward3!E23 -> 0 | G10: =Subaward4!E23 -> 0 | H10: =SUM(C10:G10) -> 0 | I10: =H10/H17 -> #DIV/0!
B11: Equipment | C11: =SUM(Applicant!E24:E26) -> 0 | D11: =SUM(Subaward1!E24:E26) -> 0 | E11: =SUM(Subaward2!E24:E26) -> 0 | F11: =SUM(Subaward3!E24:E26) -> 0 | G11: =SUM(Subaward4!E24:E26) -> 0 | H11: =SUM(C11:G11) -> 0 | I11: =H11/H17 -> #DIV/0!
B12: PPE | C12: =SUM(Applicant!E27:E28) -> 0 | D12: =SUM(Subaward1!E27:E28) -> 0 | E12: =SUM(Subaward2!E27:E28) -> 0 | F12: =SUM(Subaward3!E27:E28) -> 0 | G12: =SUM(Subaward4!E27:E28) -> 0 | H12: =SUM(C12:G12) -> 0 | I12: =H12/H17 -> #DIV/0!
B13: Tools | C13: =SUM(Applicant!E29:E31) -> 0 | D13: =SUM(Subaward1!E29:E31) -> 0 | E13: =SUM(Subaward2!E29:E31) -> 0 | F13: =SUM(Subaward3!E29:E31) -> 0 | G13: =SUM(Subaward4!E29:E31) -> 0 | H13: =SUM(C13:G13) -> 0 | I13: =H13/H17 -> #DIV/0!
B14: Supplies | C14: =SUM(Applicant!E32:E35) -> 0 | D14: =SUM(Subaward1!E32:E35) -> 0 | E14: =SUM(Subaward2!E32:E35) -> 0 | F14: =SUM(Subaward3!E32:E35) -> 0 | G14: =SUM(Subaward4!E32:E35) -> 0 | H14: =SUM(C14:G14) -> 0 | I14: =H14/H17 -> #DIV/0!
B15: Transportation | C15: =SUM(Applicant!E36:E37) -> 0 | D15: =SUM(Subaward1!E36:E37) -> 0 | E15: =SUM(Subaward2!E36:E37) -> 0 | F15: =SUM(Subaward3!E36:E37) -> 0 | G15: =SUM(Subaward4!E36:E37) -> 0 | H15: =SUM(C15:G15) -> 0 | I15: =H15/H17 -> #DIV/0!
B16: Administrative | C16: =Applicant!E39 -> 0 | D16: =Subaward1!E39 -> 0 | E16: =Subaward2!E39 -> 0 | F16: =Subaward3!E39 -> 0 | G16: =Subaward4!E39 -> 0 | H16: =SUM(C16:G16) -> 0 | I16: =H16/H17 -> #DIV/0!
B17: Total | C17: =SUM(C7:C16) -> 0 | D17: =SUM(D7:D16) -> 0 | E17: =SUM(E7:E16) -> 0 | F17: =SUM(F7:F16) -> 0 | G17: =SUM(G7:G16) -> 0 | H17: =SUM(C17:G17) -> 0
